 Dungeon Crawl Stone Soup version 0.28-a0-655-g4eb62b627b (webtiles) character file.

Game seed: 7432122797425820616

59 jasper the Stinger (level 3, -1/24 HPs)
             Began as a Demonspawn Venom Mage on Oct 12, 2021.
             Slain by a bullfrog (5 damage)
             ... on level 3 of the Dungeon.
             The game lasted 00:06:27 (3207 turns).

jasper the Stinger (Demonspawn Venom Mage)          Turns: 3207, Time: 00:06:28

Health: -1/24      AC:  3    Str:  8    XL:     3   Next: 78%
Magic:  0/6        EV: 12    Int: 21    God:
Gold:   69         SH:  0    Dex: 13    Spells: 2/6 levels left

rFire   . . .      SeeInvis .   g - +0 rapier
rCold   . . .      Faith    .   (no shield)
rNeg    . . .      Spirit   .   a - +0 robe
rPois   .          Reflect  .   (no helmet)
rElec   .          Harm     .   (no cloak)
rCorr   .          Rampage  .   (no gloves)
Will    .....                   b - +0 pair of boots
Stlth   ++........              (no amulet)
HPRegen 0.08/turn               (no ring)
MPRegen 0.10/turn               (no ring)

@: attractive
A: big brain 2
a: no special abilities


You were on level 3 of the Dungeon.
You visited 1 branch of the dungeon, and saw 3 of its levels.

You collected 69 gold pieces.

Inventory:

Hand Weapons
 e - a +0 dagger
 g - a +0 rapier (weapon)
 h - a +0 dagger
Missiles
 c - 46 stones
 j - 5 boomerangs
Armour
 a - a +0 robe (worn)
 b - a +0 pair of boots (worn)
Scrolls
 f - a scroll of vulnerability
 i - a scroll of identify
 k - 2 scrolls of teleportation {unknown}
 l - a scroll of fog {unknown}


   Skills:
 - Level 1.7 Dodging
 - Level 1.7 Stealth
 - Level 2.0 Spellcasting
 - Level 0.8 Transmutations
 + Level 4.8 Poison Magic


You had 2 spell levels left.
You knew the following spells:

 Your Spells              Type           Power      Damage    Failure   Level
a - Sting                 Tmut/Pois      56%        1d5       4%          1
b - Mephitic Cloud        Conj/Pois/Air  8%         N/A       22%         3

Your spell library contained the following spells:

 Spells                   Type           Power      Damage    Failure   Level
 Poisonous Vapours        Pois/Air       24%        N/A       9%          2
 Static Discharge         Conj/Air       2%         N/A       22%         2
 Olgreb's Toxic Radiance  Pois           22%        N/A       21%         4
 Dispel Undead            Necr           2%         3d7       82%         4
 Sticky Flame             Conj/Fire      2%         2d3       82%         4


Dungeon Overview and Level Annotations

Branches:
Dungeon (3/15)

Altars:


Innate Abilities, Weirdness & Mutations

You have an extremely huge brain. (Int +4)


Message History

Aiming: Sting (safe; 4% risk of failure)
Press: ? - help, Q - select action, (/) - cycle Shift-Dir - straight line, f/p - bullfrog
Aim: a bullfrog (lightly wounded, poisoned, 64% to hit)
The sting misses the bullfrog.
The bullfrog closely misses you.
You now have 1/6 mp.
Aiming: Sting (safe; 4% risk of failure)
Press: ? - help, Q - select action, (/) - cycle Shift-Dir - straight line, f/p - bullfrog
Aim: a bullfrog (lightly wounded, poisoned, 64% to hit)
The sting misses the bullfrog.
The bullfrog hits you but does no damage.
The bullfrog misses you.
You now have 0/6 mp.
It was a potion of heal wounds.
You feel much better. The bullfrog closely misses you. The bullfrog hits you.
You take 1 damage, and have 18/24 hp.
It was a potion of attraction.
You feel attractive to monsters.
The bullfrog hits you but does no damage.
You closely miss the bullfrog.
The bullfrog is lightly wounded.
The bullfrog looks more healthy.
The bullfrog hits you. The bullfrog closely misses you.
You take 4 damage, and have 14/24 hp.
The bullfrog hits you.
You take 3 damage, and have 11/24 hp.
Aiming: Sting (safe; 4% risk of failure)
Press: ? - help, Q - select action, (/) - cycle Shift-Dir - straight line, f/p - bullfrog
Aim: a bullfrog (moderately wounded, 64% to hit)
The sting hits the bullfrog.
The bullfrog is poisoned.
The bullfrog is moderately wounded.
The bullfrog closely misses you. The bullfrog hits you!
* * * LOW HITPOINT WARNING * * *
You take 8 damage, and have 3/24 hp.
MASSIVE DAMAGE!!
You now have 0/6 mp.
You aren't carrying any potions.
As you read the scroll labelled XIRAS JIHEI, it crumbles to dust.
It is a scroll of identify.
f - a scroll of vulnerability The bullfrog hits you.
You die...

#........≈≈ #.# #.
#......... #.#######.
........ #.#.......
#####...#########.#.......
...............##.#.......
......####.....##.#.......
..... #......##.#.......
.... #F.....##.........
... #@..#######....... .#
######...####......≈≈≈.
........##....≈≈≈≈≈≈...
............≈≈≈≈..≈...#
.........##≈≈≈......#.#
.........###≈.......#.#
.........# #....+######
####.#+### #....# #.
.....#


You could see a bullfrog (poisoned).

Vanquished Creatures
  An adder (D:2)
  2 worms (D:2)
  A dart slug (D:3)
  6 orcs (D:3)
  5 ball pythons
  4 endoplasms
  A giant cockroach (D:3)
  2 goblins (D:1)
  2 hobgoblins (D:1)
  A quokka (D:1)
  A bat (D:1)
  4 frilled lizards
  4 kobolds
  A rat (D:1)
35 creatures vanquished.

Vanquished Creatures (others)
  3 plants (D:1)
3 creatures vanquished.

Grand Total: 38 creatures vanquished

Notes
Turn   | Place    | Note
-------+----------+-------------------------------------------
     0 | D:1      | jasper the Demonspawn Venom Mage began the quest for the
                  | Orb.
     0 | D:1      | Reached XP level 1. HP: 13/13 MP: 3/3
   518 | D:1      | Gained mutation: You have an unusually large brain. (Int
                  | +2) [demonic ancestry]
   518 | D:1      | Reached XP level 2. HP: 19/19 MP: 5/5
  1460 | D:2      | Found a faded altar of an unknown god.
  1667 | D:1      | Reached skill level 4 in Poison Magic
  1963 | D:2      | Gained mutation: You have an extremely huge brain. (Int +4)
                  | [demonic ancestry]
  1963 | D:2      | Reached XP level 3. HP: 14/24 MP: 2/6
  1967 | D:2      | Learned a level 3 spell: Mephitic Cloud
  3188 | D:3      | Noticed a bullfrog
  3207 | D:3      | Slain by a bullfrog

Illustrated notes

Levels and vault maps discovered:
D:1:      sevenhm_arrival_forest_fort_small_3, layout_basic, serial_bayou_ford_a
D:2:      layout_basic, ebering_ecumenical_altar_box, serial_curves,
          eino_curves_02, eino_curves_02, eino_curves_03,
          kennysheep_generic_room_13
D:3:      cheibrodos_helix_gallery, layout_basic, mainiacjoe_overflow_catwalk,
          serial_rivers, chequers_serial_rivers_small_a,
          chequers_serial_rivers_room_a, chequers_serial_rivers_micro_a,
          chequers_serial_rivers_small_3, uniq_natasha

Skill      XL: |  1  2 |
---------------+-------+-----
Poison Magic   | 4 |  4.8
Dodging        | |  1.7
Stealth        | |  1.7
Spellcasting   | |  2.0
Transmutations | |  0.8

Action                   || total
-------------------------++-------
Melee: Rapier            ||     2
Throw: Javelin           ||     8
       Stone             ||    19
       Boomerang         ||    12
 Cast: Sting             ||    63
  Use: Scroll            ||     3
       Potion            ||     2
Armor: Robe              ||     7
Dodge: Dodged            ||    13

Table legend: (Time is in decaauts)
 A = Elapsed time spent in this place.
 B = Non-inter-level travel time spent in this place.
 C = Inter-level travel time spent in this place.
 D = Time resting spent in this place.
 E = Time spent auto-exploring this place.
 F = Levels seen in this place.
 G = Mean time per level.
                   A        B        C        D        E       F      G
               +--------+--------+--------+--------+--------+-----+--------+
         Total |   3232 |   3016 |    216 |   1194 |   1417 |   3 | 1077.3 |
       Dungeon |   3232 |   3016 |    216 |   1194 |   1417 |   3 | 1077.3 |
               +--------+--------+--------+--------+--------+-----+--------+

Top non-repeatable levels by time:
     D:1: 1540 daAuts
     D:2: 1157 daAuts
     D:3: 534 daAuts
